 Dungeon Crawl Stone Soup version 0.30.1-3-gfc49f6343a (webtiles) character file.

Game seed: 11200505799325527221

4743 cheesebisquit the Grappler (level 10, -5/100 HPs)
             Began as a Troll Fighter on July 21, 2023.
             Was an Initiate of Gozag.
             Succumbed to scorpion's concentrated venom
             ... on level 8 of the Dungeon.
             The game lasted 00:18:34 (6505 turns).

cheesebisquit the Grappler (Troll Fighter)          Turns: 6505, Time: 00:18:35

Health: -5/100     AC:  5    Str: 26    XL:     10   Next: 22%
Magic:  9/9        EV:  9    Int:  8    God:    Gozag
Gold:   354        SH: 12    Dex: 15    Spells: 9/9 levels left

rFire   . .          .
                       - Unarmed
rCold   . . .        b - +2 kite shield
rNeg    . . .        j - +1 robe {Will+}
rPois   .            (helmet restricted)
rElec   .            (no cloak)
rCorr   .            (gloves unavailable)
SInv    .            (boots unavailable)
Will    +....        (no amulet)
Stlth   +            z - ring of flight
HPRegen 1.16/turn    C - +6 ring of dexterity
MPRegen 0.11/turn

%: no passive effects
@: lethally poisoned (-5 -> -47), weakened, gold aura, flying, hasted and slowed
A: large, unfitting armour, claws 3, regeneration 1, shaggy fur 1, tough skin 1
a: Renounce Religion, Potion Petition, Call Merchant, Bribe Branch


You were on level 8 of the Dungeon.
You worshipped Gozag.
Gozag was aware of your devotion.
You visited 1 branch of the dungeon, and saw 8 of its levels.

You collected 1079 gold pieces.
You paid 725 gold pieces to Gozag.

Inventory:

Hand Weapons
 f - a +2 vampiric flail
Missiles
 g - 7 boomerangs (quivered)
 q - 11 poisoned darts
 v - 3 throwing nets
Armour
 a - a +0 robe
 b - a +2 kite shield (worn)
 j - a +1 robe of willpower (worn)
Jewellery
 z - a ring of flight (left claw)
 C - a +6 ring of dexterity (right claw)
Wands
 d - a wand of quicksilver (9)
 n - a wand of flame (42)
 x - a wand of charming (8)
Scrolls
 c - a scroll of magic mapping
 h - a scroll of silence {unknown}
 i - 3 scrolls of teleportation
 m - a scroll of fear {unknown}
 o - a scroll of amnesia {unknown}
 r - a scroll of fog {unknown}
 u - a scroll of torment {unknown}
 y - a scroll of brand weapon
 B - a scroll of vulnerability {unknown}
 D - a scroll of summoning {unknown}
Potions
 e - 5 potions of brilliance
 k - a potion of lignification {unknown}
 l - 2 potions of mutation
 w - a potion of ambrosia {unknown}
 A - a potion of cancellation {unknown}


   Skills:
 + Level 6.8 Fighting
 - Level 2.4 Dodging
 + Level 7.4 Shields
 * Level 10.9 Unarmed Combat


You had 9 spell levels left.
You didn't know any spells.
Your spell library contained the following spells:

 Spells                   Type           Power      Damage    Failure   Level
 Slow                     Hex            0%         N/A       61%         1
 Cigotuvi's Dreadful Rot  Necr/Pois/Air  0%         N/A       75%         2
 Sublimation of Blood     Necr           0%         N/A       75%         2
 Wereblood                Tmut           0%         N/A       75%         2
 Call Canine Familiar     Summ           0%         N/A       93%         3
 Confusing Touch          Hex            0%         N/A       93%         3
 Ignite Poison            Fire/Tmut/Pois 0%         N/A       93%         3
 Portal Projectile        Hex/Tloc       0%         N/A       93%         3
 Vampiric Draining        Necr           0%         2d6       93%         3
 Leda's Liquefaction      Hex/Erth       0%         N/A       100%        4
 Freezing Cloud           Conj/Ice/Air   0%         6-21      100%        5
 Iskenderun's Battlesphe  Conj           0%         2d6       100%        5
 Iron Shot                Conj/Erth      0%         9d1       100%        6
 Spellforged Servitor     Conj/Summ      0%         N/A       100%        7
 Summon Hydra             Summ           0%         N/A       100%        7


Dungeon Overview and Level Annotations

Branches:
Dungeon (8/15)             Temple (0/1) D:5
   Lair: D:8-11

Altars:
Cheibriados
Fedhas
Gozag
Kikubaaqudgha
Makhleb
Qazlal
Ru
Vehumet
The Shining One

Annotations:
D:6 2 transporters, suzumiya's ghost, amateur HuHu


Innate Abilities, Weirdness & Mutations

You are too large for most types of armour.
You have claws for hands.
Your natural rate of healing is unusually fast.
You are covered in fur. (AC +1)
You have tough skin. (AC +1)


Message History

Amaemon claws you but does no damage. Amaemon completely misses you.
The scorpion stings you.
You scratch Amaemon.
Amaemon is almost dead.
You feel sick.
You scratch Amaemon but do no damage.
Amaemon is almost dead.
You feel sick. The scorpion barely misses you. You block Amaemon's attack. x3
You scratch Amaemon but do no damage.
Amaemon is almost dead.
You feel sick. The scorpion stings you!
You are more poisoned.
You have difficulty breathing.
You feel yourself slow down.
Amaemon hits you with a +1 demon whip of venom.
You are more poisoned.
You block Amaemon's attack. x2
You barely miss Amaemon.
Amaemon is almost dead.
* * * LOW HITPOINT WARNING * * *
You feel extremely sick. The scorpion stings you.
* * * LOW HITPOINT WARNING * * *
You are more poisoned.
You have difficulty breathing.
* * * LOW HITPOINT WARNING * * *
You feel as though you will be slow longer.
Amaemon hits you with a +1 demon whip of venom.
* * * LOW HITPOINT WARNING * * *
Amaemon claws you.
* * * LOW HITPOINT WARNING * * *
You block Amaemon's attack.
Okay, then.
Okay, then.
Okay, then.
Okay, then.
You mangle Amaemon!!
You kill Amaemon!
The scorpion disappears in a puff of smoke!
You die...
Your body crumbles into a pile of gold.

.....###.......... ...
.............#..... ...
#...........##..... ....
##..........###.... .....
...........###....
.....###...........#.###
#......#.....###......##
#......$.#..###........#
......$@ยง.....#........#
.##.#####......##....###
#.....######## #######


There were no monsters in sight!

Vanquished Creatures
  Erica (D:8)
  Amaemon (D:8)
  An orange demon (D:8)
  A hornet (D:8)
  Grinder (D:3)
  Grum (D:8)
  Eustachio (D:6)
  A steam dragon (D:7)
  A water moccasin (D:7)
  A black bear (D:6)
  Duvessa (D:4)
  A sky beast (D:7)
  4 orc warriors
  2 wolves (D:8)
  A centaur (D:7)
  An ogre (D:4)
  A phantom (D:5)
  3 bullfrogs
  A gnoll sergeant (D:7)
  A scorpion (D:5)
  11 wights (D:7)
  Dowan (D:4)
  2 vampire bats (D:3)
  A howler monkey (D:4)
  3 hounds
  2 jellies
  8 orc priests
  A sleepcap (D:4)
  Ijyb (D:4)
  Terence (D:3)
  An iguana (D:6)
  6 orc wizards
  Robin (D:3)
  4 gnolls
  7 adders
  3 ufetubi
  A worm (D:2)
  A dart slug (D:5)
  30 orcs
  9 bats
  5 bat skeletons (D:3)
  A bat zombie (D:3)
  2 endoplasms
  3 giant cockroaches
  14 goblins
  11 hobgoblins
  8 jackals
  4 kobolds
  6 quokkas
  5 ball pythons
  6 frilled lizards
  4 rats
189 creatures vanquished.

Notes
Turn   | Place    | Note
-------+----------+-------------------------------------------
     0 | D:1      | cheesebisquit the Troll Fighter began the quest for the
                  | Orb.
     0 | D:1      | Reached XP level 1. HP: 22/22 MP: 0/0
    16 | D:1      | You fall into a shaft and drop 1 floor!
    23 | D:2      | Found a faded altar of an unknown god.
   270 | D:1      | Reached XP level 2. HP: 27/29 MP: 1/1
   346 | D:1      | Reached XP level 3. HP: 34/36 MP: 2/2
   458 | D:1      | Reached skill level 3 in Unarmed Combat
  1106 | D:2      | Reached XP level 4. HP: 44/44 MP: 3/3
  1634 | D:3      | Found a blossoming altar of Fedhas.
  1686 | D:3      | Noticed Robin
  1714 | D:3      | HP: 3/67 [Robin/+0 spear (3)]
  1717 | D:3      | Killed Robin
  1756 | D:3      | Found an opulent altar of Gozag.
  1762 | D:3      | Became a worshipper of Gozag Ym Sagoz the Greedy
  1841 | D:3      | Noticed Grinder
  1858 | D:3      | Killed Grinder
  1859 | D:3      | Reached skill level 4 in Unarmed Combat
  1859 | D:3      | Reached XP level 5. HP: 51/53 MP: 4/4
  1859 | D:3      | Reached XP level 6. HP: 59/61 MP: 5/5
  1883 | D:3      | Reached skill level 5 in Unarmed Combat
  1927 | D:3      | Found an ancient bone altar of Kikubaaqudgha.
  2023 | D:3      | Noticed Terence
  2030 | D:3      | Killed Terence
  2403 | D:4      | Noticed Duvessa
  2403 | D:4      | Noticed Dowan
  2411 | D:4      | Killed Duvessa
  2412 | D:4      | Reached XP level 7. HP: 70/70 MP: 6/6
  2426 | D:4      | Killed Dowan
  2462 | D:4      | Found a burning altar of Makhleb.
  2466 | D:4      | Found a sacrificial altar of Ru.
  2471 | D:4      | Found a stormy altar of Qazlal.
  2545 | D:4      | Found a radiant altar of Vehumet.
  2581 | D:4      | Reached skill level 6 in Unarmed Combat
  2931 | D:4      | Noticed Ijyb
  2944 | D:4      | Killed Ijyb
  3002 | D:4      | Found a glowing golden altar of the Shining One.
  3190 | D:5      | Entered Level 5 of the Dungeon
  3349 | D:5      | Found a snail-covered altar of Cheibriados.
  3365 | D:5      | Reached skill level 5 in Shields
  3365 | D:5      | Reached XP level 8. HP: 51/79 MP: 7/7
  3515 | D:5      | Reached skill level 7 in Unarmed Combat
  3947 | D:6      | Found a transporter.
  4012 | D:6      | Found a transporter.
  4020 | D:6      | Noticed a rust devil
  4125 | D:6      | Noticed Eustachio
  4138 | D:6      | Killed Eustachio
  4303 | D:6      | Reached skill level 5 in Fighting
  4334 | D:6      | Reached skill level 8 in Unarmed Combat
  4524 | D:6      | Noticed suzumiya's ghost (amateur HuHu)
  5031 | D:7      | Reached XP level 9. HP: 53/88 MP: 8/8
  5055 | D:7      | Reached skill level 9 in Unarmed Combat
  6006 | D:8      | Noticed Erica
  6095 | D:8      | Reached skill level 10 in Unarmed Combat
  6219 | D:8      | Killed Erica
  6220 | D:8      | Reached XP level 10. HP: 15/100 MP: 9/9
  6362 | D:8      | Noticed Grum
  6379 | D:8      | Killed Grum
  6476 | D:8      | Noticed an orange demon
  6479 | D:8      | Noticed Amaemon
  6485 | D:8      | Killed an orange demon
  6504 | D:8      | HP: 5/100 [Amaemon/+1 demon whip of venom (6)]
  6505 | D:8      | Killed Amaemon
  6505 | D:8      | Succumbed to scorpion's concentrated venom

Illustrated notes

Levels and vault maps discovered:
D:1:      psy_arrival_statuary, layout_loops_ring
D:2:      layout_loops_corners, hellmonk_ecumenical_altar_crossroads,
          serial_bayou_crossing
D:3:      layout_basic, mainiacjoe_overflow_paths, kennysheep_vampire_church,
          lemuel_crystal_altar, uniq_robin, uniq_grinder, uniq_terence
D:4:      layout_basic, nicolae_vehumet_altar_sigil, lemuel_doored_altar,
          grunt_temple_overflow_diamond, uniq_ijyb, uniq_duvessa
D:5:      layout_loops_ring, mainiacjoe_overflow_catwalk,
          minmay_temple_entry_from_below_b, roderic_serpentine_path
D:6:      layout_gridville, gammafunk_ghost_abyssal_escape,
          kennysheep_cluttered_room, uniq_eustachio
D:7:      layout_basic, nicolae_titane
D:8:      layout_cave_pools, nicolae_yredelemnul_ghost_church, uniq_grum,
          uniq_erica, uniq_amaemon

Skill      XL: |  1  2  3  4  5  6  7  8  9 |
---------------+----------------------------+-----
Shields        | 3 4 5 6 7 |  7.4
Unarmed Combat | 3 4 5 6 8 10 | 10.9
Fighting       | 3 4 5 6 |  6.8
Dodging        | |  2.4

Action                     |  1- 3 |  4- 6 |  7- 9 | 10-12 || total
---------------------------+-------+-------+-------+-------++-------
  Melee: Unarmed           |   102 |   105 |   325 |    51 ||   583
  Throw: Boomerang         |       |    16 |    98 |    12 ||   126
         Throwing net      |       |       |     1 |       ||     1
 Invoke: Potion Petition   |       |       |     1 |     1 ||     2
    Use: Potion            |       |     2 |     7 |       ||     9
         Scroll            |       |     1 |    10 |     1 ||    12
   Stab: Distracted        |       |       |     1 |       ||     1
         Held in net/web   |       |       |     1 |       ||     1
 Armour: Robe              |    38 |    35 |    40 |    14 ||   127
  Dodge: Dodged            |    31 |    44 |    97 |    23 ||   195
  Block: Kite shield       |    33 |    61 |   148 |    38 ||   280
